 Dungeon Crawl Stone Soup version 0.28-a0-683-ga8797d1ae1 (webtiles) character file.

Game seed: 2328856864524670543

25 sanka the Distorting Palentonga (level 2, -6/25 HPs)
             Began as a Palentonga Abyssal Knight on Oct 18, 2021.
             Was a Believer of Lugonu.
             Mangled by a kobold (14 damage)
             ... on level 1 of the Dungeon.
             The game lasted 00:01:50 (1138 turns).

sanka the Distorting Palentonga (PaAK)              Turns: 1138, Time: 00:01:51

Health: -6/25      AC:  4    Str: 16    XL:     2   Next: 82%
Magic:  4/4        EV:  9    Int: 10    God:    Lugonu [**....]
Gold:   50         SH:  0    Dex: 10    Spells: 1/1 levels left

rFire   . . .      SeeInvis +   a - +1 hand axe
rCold   . . .      Faith    .   (no shield)
rNeg    . . .      Spirit   .   b - +0 leather armour
rPois   .          Reflect  .   (no helmet)
rElec   .          Harm     .   (no cloak)
rCorr   .          Rampage  .   (no gloves)
Will    .....                   (no barding)
Stlth   +.........              (no amulet)
HPRegen 0.08/turn               (no ring)
MPRegen 0.09/turn               (no ring)

@: no status effects
A: large, rugged brown scales 3, see invisible, deformed body, roll 1, armoured
tail
a: Rolling Charge, Renounce Religion, Depart the Abyss, Bend Space


You were on level 1 of the Dungeon.
You worshipped Lugonu.
Lugonu was pleased with you.
You visited 1 branch of the dungeon, and saw 1 of its levels.
You visited the Abyss 1 time.

You collected 50 gold pieces.


Innate Abilities, Weirdness & Mutations

You are completely covered in rugged brown scales. (AC +3, +7% HP)
You have supernaturally acute eyesight. (SInv)
Armour fits poorly on your strangely shaped body.
You can roll at nearby foes to attack.
You have a long armoured tail.


   Skills:
 - Level 3.0 Fighting
 - Level 2.0 Axes
 - Level 1.5 Armour
 - Level 0.7 Dodging
 + Level 3.6 Invocations


You had one spell level left.
You didn't know any spells.
Your spell library was empty.

Inventory:

Hand Weapons
 a - a +1 hand axe (weapon)
Armour
 b - a +0 leather armour (worn)
Scrolls
 e - a scroll of blinking {unknown}
 f - a scroll of magic mapping {unknown}
 g - 2 scrolls of noise {unknown}
Potions
 c - a potion of heal wounds {unknown}
 d - a potion of flight {unknown}
 h - a potion of invisibility {unknown}
 i - a potion of mutation {unknown}

Dungeon Overview and Level Annotations

Branches:
Dungeon (1/15)

Altars:

Shops:
D:1

( ▒+▒▒▒.........▒
....▒.▒▒▒▒▒▒▒▒▒ ▒.▒.▒.▒
▒.▒.▒.▒ ▒▒▒▒▒ ..▒.▒.▒
.... ▒.▒...▒ ▒.. ▒
▒.▒▒▒▒▒ ▒.♣ .▒ ▒.▒
▒.▒▒▒▒▒.♣♣.▒ ▒.▒
▒...KH.....▒
♣.▒▒▒▒▒▒▒▒▒▒▒▒▒▒▒▒.▒▒▒▒
♣.▒.........▒ ▒.▒
♣.▒.........▒ ▒.▒
♣.▒.........▒ ▒.▒
♣...........▒ ▒.▒
▒.▒...).....▒ ▒.▒
▒.▒▒▒▒▒'▒▒▒▒▒ ▒.▒
▒.▒▒▒▒▒.▒▒▒▒▒▒▒▒▒▒.▒


You could see a kobold.


Message History

There is an open door here.
Things that are here:
a +0 dagger; a goblin skeleton
Found 13 gold pieces.
You see here a +0 dagger.
You now have 50 gold pieces (gained 13).
As you open the door, it creaks loudly!
There is an open door here.
Found 20 sling bullets.
You see here 20 sling bullets.
A kobold comes into view.
It is wielding a +0 short sword of electrocution.
The kobold shouts!
A kobold is nearby!
The kobold throws a stone.
The stone barely misses you. The kobold hits you but does no damage.
You closely miss the kobold.
Your tail-slap misses the kobold.
The kobold completely misses you.
You closely miss the kobold. The kobold barely misses you.
The kobold hits you with a +0 short sword of electrocution.
You are electrocuted!
* * * LOW HITPOINT WARNING * * *
You barely miss the kobold.
The kobold hits you with a +0 short sword of electrocution.
* * * LOW HITPOINT WARNING * * *
You are electrocuted!
Ouch! That really hurt!
You die...

Action                   || total
-------------------------++-------
Melee: Hand axe          ||    61
       Tailslap          ||     2
Armor: Leather armour    ||    26
Dodge: Dodged            ||    27

Levels and vault maps discovered:
D:1:      giann_forest_graveyard, layout_basic, ebering_ecumenical_altar_rust,
          serial_shops, nicolae_square_shop, chequers_mini_garden,
          minmay_lizard_king

Notes
Turn   | Place    | Note
-------+----------+-------------------------------------------
     0 | Abyss:1  | sanka the Palentonga Abyssal Knight began the quest for the
                  | Orb.
     0 | Abyss:1  | Reached XP level 1. HP: 19/19 MP: 2/2
     8 | D:1      | Escaped the Abyss
   321 | D:1      | Found a faded altar of an unknown god.
   338 | D:1      | Reached XP level 2. HP: 17/25 MP: 4/4
   433 | D:1      | Found Relopt's Weapon Shoppe.
   442 | D:1      | Reached skill level 3 in Invocations
   887 | D:1      | Reached ** piety under Lugonu
  1138 | D:1      | Mangled by a kobold

Vanquished Creatures
  4 bats (D:1)
  An endoplasm (D:1)
  4 goblins (D:1)
  2 hobgoblins (D:1)
  5 kobolds (D:1)
  A ball python (D:1)
  6 frilled lizards (D:1)
  A rat (D:1)
24 creatures vanquished.

Vanquished Creatures (others)
  A plant (D:1)
1 creature vanquished.

Grand Total: 25 creatures vanquished
